 Dungeon Crawl Stone Soup version 0.31-a0-75-g6fe912e8c5 (webtiles) character file.

Game seed: 6164892434248478179

308 Pimp the Trooper (level 6, 0/72 HPs)
             Began as a Demonspawn Fighter on May 23, 2023.
             Slain by a gnoll
             ... wielding a +0 spear of venom
              (2 damage)
             ... on level 3 of the Dungeon.
             The game lasted 00:02:47 (2152 turns).

Pimp the Trooper (Demonspawn Fighter)               Turns: 2152, Time: 00:02:49

Health: 0/72       AC: 23    Str: 18    XL:     6   Next: 16%
Magic:  6/6        EV:  2    Int:  9    God:
Gold:   179        SH:  5    Dex: 13    Spells: 5/5 levels left

rFire   . . .        a - +0 war axe
rCold   . . .        c - +0 buckler
rNeg    . . .        j - melded +3 scale mail
rPois   +            (helmet currently unavailable)
rElec   .            k - melded +0 cloak
rCorr   .            (gloves currently unavailable)
SInv    .            (boots currently unavailable)
Will    .....        (no amulet)
Stlth   +            (no ring)
HPRegen 0.32/turn    (no ring)
MPRegen 0.10/turn

%: no passive effects
@: mighty, lethally poisoned (0 -> -3), tree-form
A: stationary, stasis, torment immunity, boosted hp, ignite blood 1, powered by
pain 1
a: no special abilities


You were on level 3 of the Dungeon.
You were a tree.
You visited 1 branch of the dungeon, and saw 3 of its levels.

You collected 179 gold pieces.

Inventory:

Hand Weapons
 a - a +0 war axe (weapon)
Armour
 b - a +0 scale mail
 c - a +0 buckler (worn)
 j - a +3 scale mail (melded)
 k - a +0 cloak (melded)
Scrolls
 f - a scroll of fog
 i - a scroll of teleportation {unknown}
 m - a scroll of enchant weapon {unknown}
 n - a scroll of enchant armour {unknown}
Potions
 d - a potion of might
 e - a potion of magic {unknown}
 g - a potion of lignification
 h - 3 potions of heal wounds {unknown}
 l - 2 potions of curing {unknown}


   Skills:
 + Level 4.3 Fighting
 + Level 3.3 Axes
 + Level 3.9 Armour
 + Level 3.9 Shields


You had 5 spell levels left.
You didn't know any spells.
Your spell library contained the following spells:

 Spells                   Type           Power      Damage    Failure   Level
 Poisonous Vapours        Pois/Air       0%         N/A       61%         2
 Sublimation of Blood     Necr           0%         N/A       61%         2
 Wereblood                Tmut           0%         N/A       61%         2
 Mephitic Cloud           Conj/Pois/Air  0%         N/A       83%         3
 Portal Projectile        Hex/Tloc       0%         N/A       83%         3
 Tukima's Dance           Hex            0%         N/A       83%         3
 Blade Hands              Tmut           0%         N/A       100%        5
 Freezing Cloud           Conj/Ice/Air   0%         6-21      100%        5
 Summon Hydra             Summ           0%         N/A       100%        7


Dungeon Overview and Level Annotations

Branches:
Dungeon (3/15)

Altars:

Shops:
D:1 !


Innate Abilities, Weirdness & Mutations

You are a tree.
Your roots penetrate the ground, keeping you stationary.
You cannot be teleported.
You are immune to unholy pain and torment.
Your maximum health is greatly increased.
Your equipment is partially melded.
Your demonic aura sometimes causes spilled blood to erupt in flames.
You sometimes gain a little power by taking damage.


Message History

The gnoll barely misses you.
Things that are here:
a +0 whip; a gnoll corpse You closely miss the gnoll.
The gnoll hits you but does no damage. x2
You are poisoned.
You hit the gnoll but do no damage.
You feel very sick.
The gnoll hits you from afar with a +0 halberd!
The gnoll barely misses you.
You closely miss the gnoll.
You feel sick. The gnoll hits you but does no damage.
You are more poisoned.
The gnoll closely misses you. The gnoll barely misses you.
You hit the gnoll but do no damage.
You feel very sick. The gnoll barely misses you. x2
You hit the gnoll.
The gnoll is moderately wounded.
You feel sick.
The gnoll hits you from afar with a +0 halberd.
The gnoll hits you with a +0 spear of venom.
You closely miss the gnoll.
The gnoll is moderately wounded.
You feel sick.
The gnoll hits you with a +0 spear of venom.
The gnoll hits you from afar with a +0 halberd!
* * * LOW HITPOINT WARNING * * *
You block the gnoll's attack.
The gnoll hits you from afar with a +0 halberd!
* * * LOW HITPOINT WARNING * * *
You focus on the pain.
You feel very mighty all of a sudden.
It was a potion of lignification.
You turn into a tree.
Your +0 cloak melds into your body.
Your +3 scale mail melds into your body.
Your roots penetrate the ground.
* * * LOW HITPOINT WARNING * * *
You feel sick. The gnoll hits you but does no damage.
The gnoll hits you with a +0 spear of venom.
You die...

#............ ...
#............ ...
............. ....
...#.#........ .....
...+#+...†#... ...#
....#.#....'... .g#
#.....#'....#...
#g#.#...#.#.......# .
#♣#.........#'...'
#.#+#+#.#.#.#...#.#...#
#......#.#.#+...+#'...#
.......+#.#.#...#.#...#
.......#.#.#.....#....#
...+#+#'#.#.#.....#...#
.. #.......#.#..)#'....
. +#........'...'#....
#.........#...#.....


You could see 2 gnolls.

Vanquished Creatures
  Sigmund (D:3)
  A jelly (D:3)
  Jessica (D:2)
  Terence (D:2)
  A gnoll (D:3)
  An adder (D:2)
  A worm (D:2)
  A dart slug (D:3)
  2 orcs (D:3)
  6 ball pythons
  3 bats
  3 endoplasms
  3 giant cockroaches
  4 goblins
  4 hobgoblins
  5 kobolds
  3 frilled lizards
  6 rats
47 creatures vanquished.

Notes
Turn   | Place    | Note
-------+----------+-------------------------------------------
     0 | D:1      | Pimp the Demonspawn Fighter began the quest for the Orb.
     0 | D:1      | Reached XP level 1. HP: 18/18 MP: 1/1
   135 | D:1      | Gained mutation: Your demonic aura sometimes causes spilled
                  | blood to erupt in flames. [demonic ancestry]
   135 | D:1      | Reached XP level 2. HP: 22/24 MP: 2/2
   320 | D:1      | Found Hiuxkios's Distillery.
   671 | D:2      | Noticed Terence
   678 | D:2      | Killed Terence
   679 | D:2      | Reached XP level 3. HP: 21/29 MP: 3/3
  1255 | D:2      | Noticed Jessica
  1260 | D:2      | Killed Jessica
  1261 | D:2      | Gained mutation: You sometimes gain a little power by
                  | taking damage. [demonic ancestry]
  1261 | D:2      | Reached XP level 4. HP: 36/36 MP: 4/4
  1944 | D:3      | Noticed Sigmund
  1950 | D:3      | Killed Sigmund
  1951 | D:3      | Reached skill level 4 in Fighting
  1951 | D:3      | Reached XP level 5. HP: 33/42 MP: 5/5
  2061 | D:3      | Reached XP level 6. HP: 48/48 MP: 6/6
  2151 | D:3      | HP: 1/48 [gnoll/+0 halberd (11)]
  2152 | D:3      | Slain by a gnoll

Illustrated notes

Levels and vault maps discovered:
D:1:      minmay_arrival_glassed_features, layout_loops_cross, serial_shops,
          shop, minmay_tiny_reverse_x
D:2:      layout_basic, uniq_jessica, uniq_terence
D:3:      layout_basic, serial_rivers, chequers_serial_rivers_micro_d,
          chequers_serial_rivers_micro_a, chequers_serial_rivers_small_3,
          chequers_serial_rivers_small_a, uniq_sigmund

Skill      XL: |  1  2  3  4 |
---------------+-------------+-----
Axes           | 2 3 |  3.3
Shields        | 3 |  3.9
Armour         | 3 |  3.9
Fighting       | 4 |  4.3

Action                     |  1- 3 |  4- 6 || total
---------------------------+-------+-------++-------
  Melee: War axe           |    64 |    53 ||   117
    Use: Scroll            |     3 |       ||     3
         Potion            |       |     1 ||     1
 Armour: Scale mail        |    30 |    27 ||    57
         Skin              |       |     1 ||     1
  Dodge: Dodged            |    27 |    29 ||    56
  Block: Buckler           |    15 |     8 ||    23

Table legend: (Time is in decaauts)
 A = Elapsed time spent in this place.
 B = Non-inter-level travel time spent in this place.
 C = Inter-level travel time spent in this place.
 D = Time resting spent in this place.
 E = Time spent auto-exploring this place.
 F = Levels seen in this place.
 G = Mean time per level.
                   A        B        C        D        E       F      G
               +--------+--------+--------+--------+--------+-----+--------+
         Total |   2202 |   2099 |    103 |      0 |   1722 |   3 |  734.0 |
       Dungeon |   2202 |   2099 |    103 |      0 |   1722 |   3 |  734.0 |
               +--------+--------+--------+--------+--------+-----+--------+

Top non-repeatable levels by time:
     D:2: 952 daAuts
     D:1: 655 daAuts
     D:3: 594 daAuts
